 Dungeon Crawl Stone Soup version 0.31-a0-246-g8cbcc1cb85 (webtiles) character file.

Game seed: 11621561954063778548

11438 dolemite99 the Grappler (level 11, 0/56 HPs)
             Began as a Troll Shapeshifter on July 12, 2023.
             Was a Priest of the Shining One.
             Slain by a minotaur
             ... wielding a staff of death
              (23 damage)
             ... in a Gauntlet.
             The game lasted 00:20:53 (10339 turns).

dolemite99 the Grappler (Troll Shapeshifter)       Turns: 10339, Time: 00:20:54

Health: 0/56       AC: 30    Str: 27    XL:     11   Next: 49%
Magic:  10/10      EV: 11    Int:  6    God:    the Shining One [***...]
Gold:   400        SH:  0    Dex: 10    Spells: 10/10 levels left

rFire   . .          .
                       - Unarmed
rCold   + . .        (no shield)
rNeg    + + .        R - melded +0 troll leather armour
rPois   ∞            (helmet restricted)
rElec   +            m - +2 cloak {Stlth+}
rCorr   +            (gloves unavailable)
SInv    .            (boots unavailable)
Will    .....        K - amulet of faith
Stlth   +            i - ring of protection from cold
HPRegen 1.09/turn    D - ring of resist corrosion
MPRegen 0.12/turn

%: no teleportation, faith
@: statue-form, glowing, very slow
A: slow and powerful, torment resistance 1, reduced hp, large, unfitting armour,
claws 3, regeneration 1, (shaggy fur 1), (tough skin 1)
a: Renounce Religion, Divine Shield, Cleansing Flame


You were in a Gauntlet.
You worshipped the Shining One.
The Shining One was most pleased with you.
You were a living statue of rough stone.
You visited 2 branches of the dungeon, and saw 12 of its levels.
You also visited: Gauntlet.

You collected 731 gold pieces.
You spent 331 gold pieces at shops.

Inventory:

Hand Weapons
 j - a +1 sling of freezing
Missiles
 v - 5 javelins
 w - a throwing net
 Q - 6 large rocks (quivered)
Armour
 a - a +1 animal skin
 m - a +2 cloak of stealth (worn)
 u - a +0 cloak of preservation
 R - a +0 troll leather armour (melded)
Magical Staves
 q - a staff of air
Jewellery
 i - a ring of protection from cold (left claw)
 k - a ring of protection from cold
 C - a ring of fire
 D - a ring of resist corrosion (right claw)
 K - an amulet of faith (around neck)
Talismans
 c - a beast talisman
 f - a maw talisman
 t - a granite talisman
Wands
 b - a wand of charming (8)
 r - a wand of polymorph (2)
 z - a wand of iceblast (5)
 B - a wand of acid (8)
 G - a wand of flame (27)
Scrolls
 n - 2 scrolls of vulnerability
 F - a scroll of immolation
 I - a scroll of fog
 M - a scroll of fear
 O - a scroll of poison
 P - 2 scrolls of teleportation
Potions
 d - 2 potions of magic
 e - a potion of berserk rage {unknown}
 g - 2 potions of enlightenment {unknown}
 h - 4 potions of heal wounds
 l - 4 potions of brilliance {unknown}
 o - 3 potions of degeneration {unknown}
 p - a potion of ambrosia {unknown}
 s - 2 potions of invisibility {unknown}
 x - 2 potions of haste {unknown}
 H - 4 potions of curing {unknown}
 J - a potion of might {unknown}


   Skills:
 * Level 5.8 Fighting
 * Level 5.8 Dodging
 + Level 12.3 Unarmed Combat
 + Level 9.1 Shapeshifting


You had 10 spell levels left.
You didn't know any spells.
Your spell library contained the following spells:

 Spells                   Type           Power      Damage    Failure   Level
 Kiss of Death            Conj/Necr      0%         2d5       45%         1
 Necrotise                Necr           0%         1d4       45%         1
 Cigotuvi's Dreadful Rot  Necr/Pois/Air  0%         N/A       58%         2
 Lesser Beckoning         Tloc           0%         N/A       58%         2
 Poisonous Vapours        Pois/Air       0%         N/A       58%         2
 Wereblood                Tmut           0%         N/A       58%         2
 Dazzling Flash           Conj/Hex       0%         N/A       83%         3
 Gell's Gravitas          Tloc           0%         N/A       83%         3
 Hailstorm                Conj/Ice       0%         3d3       83%         3
 Mephitic Cloud           Conj/Pois/Air  0%         N/A       83%         3
 Teleport Other           Tloc           0%         N/A       83%         3
 Vhi's Electric Charge    Tloc/Air       0%         N/A       83%         3
 Volatile Blastmotes      Fire/Tloc      0%         2d10      83%         3
 Anguish                  Hex/Necr       0%         N/A       99%         4
 Dispel Undead            Necr           0%         3d6       99%         4
 Olgreb's Toxic Radiance  Pois           0%         N/A       99%         4
 Summon Ice Beast         Ice/Summ       0%         N/A       99%         4
 Agony                    Necr           0%         N/A       100%        5
 Arcjolt                  Conj/Air       0%         1d10      100%        5
 Freezing Cloud           Conj/Ice/Air   0%         6-21      100%        5
 Irradiate                Conj/Tmut      0%         3d11      100%        5
 Death Channel            Necr           0%         N/A       100%        6
 Plasma Beam              Fire/Air       0%         2x1d10    100%        6
 Simulacrum               Ice/Necr       0%         N/A       100%        6
 Starburst                Conj/Fire      0%         6d3       100%        6
 Discord                  Hex            0%         N/A       100%        8
 Ignition                 Fire           0%         3d3       100%        8
 Maxwell's Capacitive Co  Air            0%         ∞         100%        8
 Sublimation of Blood     Necr           Unusable   N/A       N/A         2

Dungeon Overview and Level Annotations

Branches:
Dungeon (11/15)            Temple (1/1) D:7            Lair (0/5) D:10
    Orc (0/2) D:11        Gauntlet (1/1)

Altars:
Ashenzari
Cheibriados
Dithmenos
Elyvilon
Fedhas
Gozag
Hepliaklqana
Kikubaaqudgha
Makhleb
Nemelex Xobeh
Okawaru
Qazlal
Ru
Sif Muna
Trog
Uskayaw
Vehumet
Wu Jian
Xom
Yredelemnul
Zin
The Shining One

Shops:
D:1 [[(*(   D:2 (

Annotations:
D:10 2 transporters, AwFulAwFulPlayer's ghost, journeyman DsCK Gauntlet 10 transporters, 21 runed translucent doors


Innate Abilities, Weirdness & Mutations

You are a living statue of rough stone.
Your actions are slow, but your melee attacks are powerful.
You are resistant to unholy torment.
Your maximum health is decreased, since you lack skill for your form.
Your equipment is partially melded.
You are too large for most types of armour.
You are immune to poison.
You have claws for hands.
Your natural rate of healing is unusually fast.
((You are covered in fur. (AC +1)))
((You have tough skin. (AC +1)))


Message History

There are no items here.
There are no items here.
You pick up the Unrestrained Analects and begin reading...
You add the spells Olgreb's Toxic Radiance, Ignition and Discord to your library.
There are no items here.
There is a transporter here.
You enter the transporter and appear at another place.
Okay, then.
Okay, then.
Okay, then.
What are your orders? t - Shout!
Orders for allies: a - Attack new target. r - Retreat! s - Stop attacking. g - Guard the area. f - Follow me.
Anything else - Cancel.
You shout for attention!
You start waiting.
Done waiting.
Okay, then.
You open the door.
A minotaur comes into view.
It is wielding a staff of death and wearing a +1 plate armour of cold resistance.
The minotaur bellows!
The minotaur throws a javelin.
The javelin misses you.
The minotaur throws a javelin.
The javelin closely misses you.
Found a twisted malachite amulet.
Found a gate leading back out of this place.
You close the door.
A minotaur breaks down the door.
The minotaur hits you with a staff of death!
You writhe in agony.
The minotaur gores you but does no damage.
The minotaur hits you with a staff of death!
You writhe in agony.
The minotaur gores you but does no damage.
There is a broken door here.
You mangle the minotaur!!
The minotaur is moderately wounded.
The minotaur hits you with a staff of death!!
You die...

###
.8.8.8.8.8§8#
###
...........≈#
#.##.##.##.###
#. #.##.##.## .
.........#
#.##.##.##.#
##.##.##.##.##.#
...............#
.##.###8#.##.###
#H#.##.#
#.#.....
#.##.##.# #∩##.#
.# ###... .#
.##. ## ##


You could see a minotaur.

Vanquished Creatures
  A two-headed ogre (D:10)
  The ghost of pokeman the Thaumaturge, a novice DEHW of Vehumet (D:8)
  A kobold demonologist (D:6)
  An unseen horror (D:10)
  Psyche (D:8)
  Prince Ribbit (D:8)
  A troll (D:8)
  A queen bee (Gauntlet)
  A raiju (Gauntlet)
  Grinder (D:4)
  A shadow (D:10)
  6 flying skulls (Gauntlet)
  A wyvern (D:7)
  19 yaks
  A steam dragon (D:8)
  3 water moccasins
  3 acid dragons
  3 orc warriors
  A sky beast (D:7)
  2 black bears
  An ice beast (D:6)
  4 ogres
  2 centaurs
  3 phantoms
  2 kobold brigands
  2 bullfrogs (D:7)
  3 scorpions
  12 wights
  6 killer bees (Gauntlet)
  3 howler monkeys
  A jelly (D:5)
  A sleepcap (D:4)
  8 orc priests
  A hound (D:5)
  Crazy Yiuf (D:2)
  2 iguanas (D:5)
  Jessica (D:2)
  Terence (D:2)
  Natasha (D:3)
  8 orc wizards
  A lightning spire (Gauntlet)
  3 gnolls (D:3)
  7 adders
  A shadow imp (D:7)
  2 white imps
  2 ufetubi (D:5)
  2 dart slugs (D:2)
  35 orcs
  8 ball pythons
  5 bats
  4 endoplasms
  2 giant cockroaches
  7 goblins
  5 hobgoblins
  2 jackals (D:3)
  3 quokkas (D:3)
  2 frilled lizards (D:2)
  13 kobolds
  5 rats
222 creatures vanquished.

Vanquished Creatures (others)
  A white imp (D:8)
1 creature vanquished.

Grand Total: 223 creatures vanquished

Notes
Turn   | Place    | Note
-------+----------+-------------------------------------------
     0 | D:1      | dolemite99 the Troll Shapeshifter began the quest for the
                  | Orb.
     0 | D:1      | Reached XP level 1. HP: 19/19 MP: 0/0
     8 | D:1      | Found Dastrite's Antique Weapon Emporium.
    87 | D:1      | Found Huenkos's General Store.
   130 | D:1      | Reached XP level 2. HP: 27/27 MP: 1/1
   174 | D:1      | Found Udiumo's Antique Weapon Shoppe.
   218 | D:1      | Found Sesithri's Armour Shoppe.
   259 | D:1      | Bought a +0 cloak for 49 gold pieces
   285 | D:1      | Found Syom Feti's Antique Armour Boutique.
   476 | D:2      | Found Xamnef's Antique Weapon Emporium.
   487 | D:2      | Noticed Jessica
   508 | D:2      | Killed Jessica
   509 | D:2      | Reached XP level 3. HP: 24/33 MP: 2/2
   684 | D:2      | Reached XP level 4. HP: 41/41 MP: 3/3
   797 | D:2      | Noticed Terence
   801 | D:2      | Killed Terence
   807 | D:2      | Found a faded altar of an unknown god.
   837 | D:2      | Prayed at the altar of an unknown god.
   837 | D:2      | Became a worshipper of Kikubaaqudgha
   837 | D:2      | Reached * piety under Kikubaaqudgha
   837 | D:2      | Received a gift from Kikubaaqudgha
  1067 | D:2      | Identified the +4 hammer "Hafy" {flame, Int+3}
  1070 | D:2      | Found a runed translucent door.
  1071 | D:2      | Noticed Crazy Yiuf
  1077 | D:2      | Killed Crazy Yiuf
  1146 | D:3      | Reached XP level 5. HP: 41/48 MP: 4/4
  1232 | D:3      | Reached skill level 3 in Unarmed Combat
  1324 | D:3      | Noticed Natasha
  1331 | D:3      | Killed Natasha
  1332 | D:3      | Reached skill level 4 in Unarmed Combat
  1697 | D:3      | Reached skill level 5 in Shapeshifting
  1701 | D:3      | Reached XP level 6. HP: 33/55 MP: 5/5
  1856 | D:3      | Reached ** piety under Kikubaaqudgha
  2554 | D:4      | Noticed Grinder
  2563 | D:4      | Paralysed by Grinder for 2 turns
  2566 | D:4      | Killed Grinder
  2567 | D:4      | Reached skill level 5 in Unarmed Combat
  2567 | D:4      | Reached XP level 7. HP: 22/62 MP: 6/6
  2930 | D:4      | Reached skill level 6 in Unarmed Combat
  3205 | D:5      | Entered Level 5 of the Dungeon
  3426 | D:5      | Reached skill level 7 in Unarmed Combat
  3426 | D:5      | Reached XP level 8. HP: 42/70 MP: 7/7
  4173 | D:6      | Noticed a kobold demonologist
  4184 | D:6      | Killed a kobold demonologist
  4185 | D:6      | Reached skill level 8 in Unarmed Combat
  4480 | D:6      | Reached skill level 9 in Unarmed Combat
  4650 | D:6      | Reached XP level 9. HP: 47/76 MP: 8/8
  4672 | D:6      | Reached *** piety under Kikubaaqudgha
  4672 | D:6      | Received a gift from Kikubaaqudgha
  4892 | D:7      | Found a staircase to the Ecumenical Temple.
  4904 | D:7      | Reached skill level 10 in Unarmed Combat
  4912 | Temple   | Entered the Ecumenical Temple
  4965 | Temple   | Fell from the grace of Kikubaaqudgha
  4965 | Temple   | Became a worshipper of the Shining One
  5024 | D:7      | Found a broken altar of Ashenzari.
  5103 | D:7      | Found an ornate altar of the Wu Jian Council.
  5848 | D:7      | Found a hide-covered altar of Uskayaw.
  5897 | D:7      | Noticed a deep troll
  5897 | D:7      | Noticed a deep troll
  5898 | D:7      | Found the amulet of Vitality {RegenMP++ Regen++}
  6058 | D:7      | Found a shimmering altar of Xom.
  6104 | D:8      | Noticed Psyche
  6106 | D:8      | Found Ovinuzuu's Magic Scroll Boutique.
  6109 | D:8      | Killed Psyche
  6110 | D:8      | Reached skill level 11 in Unarmed Combat
  6124 | D:8      | Bought a scroll of fear for 48 gold pieces
  6124 | D:8      | Bought a scroll of blinking for 90 gold pieces
  6124 | D:8      | Bought a scroll of identify for 24 gold pieces
  6124 | D:8      | Bought a scroll of identify for 24 gold pieces
  6124 | D:8      | Bought a scroll of identify for 24 gold pieces
  6124 | D:8      | Bought a scroll of poison for 48 gold pieces
  6124 | D:8      | Bought a scroll of identify for 24 gold pieces
  6464 | D:8      | Found a runed translucent gate.
  6464 | D:8      | Found a runed translucent gate.
  6466 | D:8      | Found a runed translucent gate.
  6506 | D:8      | Reached * piety under the Shining One
  6555 | D:8      | Reached XP level 10. HP: 80/87 MP: 9/9
  7095 | D:8      | Noticed pokeman's ghost (novice DEHW)
  7163 | D:8      | Killed pokeman's ghost
  7555 | D:9      | Noticed Prince Ribbit
  7555 | D:9      | Reached ** piety under the Shining One
  7832 | D:8      | Killed Prince Ribbit
  8170 | D:9      | Found a white marble altar of Elyvilon.
  8622 | D:10     | Entered Level 10 of the Dungeon
  8692 | D:10     | Found a staircase to the Lair.
  8782 | D:10     | Found a transporter.
  8785 | D:10     | Noticed AwFulAwFulPlayer's ghost (journeyman DsCK)
  8795 | D:10     | Noticed a two-headed ogre
  8798 | D:10     | Killed a two-headed ogre
  8799 | D:10     | Reached skill level 12 in Unarmed Combat
  8799 | D:10     | Reached XP level 11. HP: 33/101 MP: 10/10
  8842 | D:10     | Was forgiven by Kikubaaqudgha
  8894 | D:10     | Reached skill level 5 in Fighting
  8894 | D:10     | Reached skill level 5 in Dodging
  9181 | D:10     | Reached *** piety under the Shining One
  9363 | D:10     | Found a transporter.
  9766 | D:11     | Found a gate leading to a gauntlet.
  9777 | Gauntlet | Entered a Gauntlet
  9777 | Gauntlet | Found a transporter.
  9777 | Gauntlet | Found a transporter.
  9787 | Gauntlet | Found a transporter.
  9798 | Gauntlet | Found a transporter.
  9800 | Gauntlet | Found a large runed translucent door.
  9801 | Gauntlet | Found a large runed translucent door.
  9802 | Gauntlet | Found a large runed translucent door.
  9802 | Gauntlet | Found a large runed translucent door.
  9816 | Gauntlet | Found a transporter.
  9828 | Gauntlet | Found a transporter.
  9845 | Gauntlet | Found a transporter.
  9859 | Gauntlet | Found a large runed translucent door.
  9911 | Gauntlet | Found a transporter.
  9926 | Gauntlet | Found a transporter.
  9928 | Gauntlet | Noticed a fire crab
  9942 | Gauntlet | Found a transporter.
  9955 | Gauntlet | Found a transporter.
  9961 | Gauntlet | Noticed a quicksilver ooze
  9972 | Gauntlet | Found a transporter.
 10039 | Gauntlet | Found a transporter.
 10041 | Gauntlet | Found a large runed translucent door.
 10042 | Gauntlet | Found a large runed translucent door.
 10043 | Gauntlet | Found a large runed translucent door.
 10043 | Gauntlet | Found a large runed translucent door.
 10043 | Gauntlet | Found a runed translucent door.
 10044 | Gauntlet | Found a transporter.
 10045 | Gauntlet | Found a runed translucent door.
 10045 | Gauntlet | Found a large runed translucent door.
 10046 | Gauntlet | Found a large runed translucent door.
 10046 | Gauntlet | Found a large runed translucent door.
 10046 | Gauntlet | Found a large runed translucent door.
 10047 | Gauntlet | Found a large runed translucent door.
 10047 | Gauntlet | Found a large runed translucent door.
 10048 | Gauntlet | Found a runed translucent gate.
 10048 | Gauntlet | Found a runed translucent gate.
 10048 | Gauntlet | Found a runed translucent gate.
 10050 | Gauntlet | Found a transporter.
 10050 | Gauntlet | Noticed a wizard
 10063 | Gauntlet | Found a transporter.
 10126 | Gauntlet | Found a large runed translucent door.
 10334 | Gauntlet | Noticed a minotaur
 10339 | Gauntlet | Slain by a minotaur

Illustrated notes

Levels and vault maps discovered:
D:1:      minmay_arrival_checkered_box, layout_rooms, serial_shops, shop,
          nicolae_shop_trees, nicolae_shop_stone, shop, nicolae_shop_tiny_glass,
          grunt_decor_resistance
D:2:      layout_loops_cross, serial_shops,
          nicolae_shop_temple_entry_statues_fountains,
          hellmonk_ecumenical_altar_inner_sanctum, amcnicky_mini_pool_small,
          uniq_jessica, uniq_terence, uniq_crazy_yiuf_cottage
D:3:      layout_basic, uniq_natasha
D:4:      layout_rooms, uniq_grinder
D:5:      layout_layer_cave, kennysheep_decorative_pillar, minmay_starry_boxes
D:6:      layout_loops_ring
D:7:      layout_cave_pools, kennysheep_mini, nicolae_uskayaw_suspiria,
          minmay_temple_entry_grid, hangedman_feature_mirror,
          hellmonk_guarded_unrand_vitality_bloodlust
D:8:      layout_cave_pools, ebering_ghost_rock_garden, serial_shops,
          nicolae_shop_pleasant_corner_grove, uniq_psyche
D:9:      layout_long_grid, nicolae_elyvilon_peaceful_grove, uniq_prince_ribbit1
D:10:     layout_roguey, lair_entry_dummy, gammafunk_ghost_stat_death
D:11:     layout_gridville, david_orc_2, gauntlet_entry_generic, uniq_snorg
Temple:   hellmonk_temple_of_storms
Gauntlet: gammafunk_gauntlet_branching [gammafunk_gauntlet_arena_chambers,
          gammafunk_gauntlet_arena_split_diamond, nicolae_gauntlet_arena_blocks,
          minmay_gauntlet_arena_make_your_own_arena,
          gammafunk_gauntlet_arena_teeth, gammafunk_gauntlet_arena_grid,
          nicolae_gauntlet_arena_quarters, gammafunk_gauntlet_arena_open,
          gauntlet_exit_green]

Skill      XL: |  1  2  3  4  5  6  7  8  9 10 11 |
---------------+----------------------------------+-----
Shapeshifting  | 4 5 6 7 8 9 |  9.1
Unarmed Combat | 4 5 7 9 11 12 | 12.3
Fighting       | 4 5 |  5.8
Dodging        | 4 5 |  5.8

Action                     |  1- 3 |  4- 6 |  7- 9 | 10-12 || total
---------------------------+-------+-------+-------+-------++-------
  Melee: Unarmed           |    53 |    67 |   144 |   102 ||   366
         Punch             |     1 |     1 |     7 |     9 ||    18
         Maw               |       |    11 |    37 |       ||    48
   Fire: Sling             |       |     2 |    16 |       ||    18
  Throw: Javelin           |       |    16 |    35 |     4 ||    55
         Large rock        |       |       |       |    19 ||    19
  Evoke: Wand              |       |       |       |     3 ||     3
    Use: Scroll            |     2 |     3 |     8 |     6 ||    19
         Potion            |       |     1 |     1 |     1 ||     3
   Stab: Sleeping          |       |     2 |       |       ||     2
 Armour: Animal skin       |    19 |    10 |     1 |     4 ||    34
         Skin              |       |    20 |    32 |    86 ||   138
         Troll leather arm |       |       |       |     3 ||     3
  Dodge: Dodged            |    23 |    21 |    58 |    90 ||   192
         Form:             |       |     1 |       |       ||     1
         Maw               |       |     1 |       |       ||     1
         Beast             |       |       |     1 |       ||     1
         Statue            |       |       |       |     1 ||     1

Table legend: (Time is in decaauts)
 A = Elapsed time spent in this place.
 B = Non-inter-level travel time spent in this place.
 C = Inter-level travel time spent in this place.
 D = Time resting spent in this place.
 E = Time spent auto-exploring this place.
 F = Levels seen in this place.
 G = Mean time per level.
                   A        B        C        D        E       F      G
               +--------+--------+--------+--------+--------+-----+--------+
         Total |  11612 |  11229 |    383 |   3287 |   5775 |  13 |  893.2 |
       Dungeon |  10715 |  10339 |    376 |   3137 |   5394 |  11 |  974.1 |
        Temple |     62 |     55 |      7 |      0 |      9 |   1 |   62.0 |
      Gauntlet |    835 |    835 |      0 |    150 |    372 |   1 |  835.0 |
               +--------+--------+--------+--------+--------+-----+--------+

Top non-repeatable levels by time:
     D:8: 1813 daAuts
    D:10: 1657 daAuts
     D:3: 1282 daAuts
     D:7: 1150 daAuts
     D:9: 1115 daAuts
     D:5: 965 daAuts
Gauntlet: 835 daAuts
     D:4: 794 daAuts
     D:6: 718 daAuts
     D:2: 691 daAuts
     D:1: 441 daAuts
    D:11: 84 daAuts
  Temple: 62 daAuts
